 Dungeon Crawl Stone Soup version 0.24.0-13-gcf9b319 (webtiles) character file.

Game seed: 14178314929193342792, levelgen mode: deterministic

46512 Balder the Basher (level 14, -9/126 HPs)
             Began as a Minotaur Fighter on Dec 30, 2019.
             Was the Champion of Okawaru.
             Mangled by a sun demon (15 damage)
             ... summoned by an orc high priest
             ... on level 2 of the Orcish Mines on Dec 31, 2019.
             The game lasted 01:37:47 (18160 turns).

Balder the Basher (Minotaur Fighter)               Turns: 18160, Time: 01:37:48

Health: -9/126     AC: 25    Str: 22    XL:     14   Next: 5%
Magic:  20/20      EV: 20    Int:  3    God:    Okawaru [******]
Gold:   1546       SH: 14    Dex: 27    Spells: 13/13 levels left

rFire    . . .     SeeInvis .   b - +5 whip of the Ass {slash, Dex+6}
rCold    + + .     Gourm    .   c - +0 shield
rNeg     . . .     Faith    .   z - +8 ice dragon scales of the Heavens {rElec rF- rC++ MR+ rCorr Int-3 Dex+3}
rPois    +         Spirit   .   Y - +1 hat {MR+}
rElec    +         Reflect  .   T - scarf {cloud immunity}
rCorr    +         Harm     .   w - +0 pair of gloves
MR       +++..                  n - +0 pair of boots
Stlth    ++........             j - amulet of the acrobat
HPRegen  0.31/turn              g - ring of protection from fire
MPRegen  0.17/turn              q - ring of poison resistance

@: agile, silence (expiring)
A: retaliatory headbutt, horns 2
a: Renounce Religion


You were on level 2 of the Orcish Mines.
You worshipped Okawaru.
Okawaru was exalted by your worship.
You were not hungry.

You visited 4 branches of the dungeon, and saw 20 of its levels.

You collected 1546 gold pieces.

Inventory:

Hand Weapons
 a - a +7 dire flail of holy wrath
 b - the +5 whip of the Ass (weapon) {slash, Dex+6}
   (You found it on level 5 of the Dungeon)

   It inflicts extra damage upon your enemies.
   It affects your dexterity (+6).
 s - a +3 scimitar of holy wrath
 C - the +3 trident of the Asp {elec, +Blink +Rage rC- Str+5}
   (You found it on level 6 of the Lair of Beasts)

   Occasionally, upon striking a foe, it will discharge some electrical energy
   and cause terrible harm.
   It affects your strength (+5).
   It makes you vulnerable to cold.
   It lets you blink.
   It lets you go berserk.
 E - a +4 trident of freezing
 K - a +2 flail of venom
 R - a +3 great mace of crushing
Missiles
 h - 12 javelins
 o - 14 boomerangs (quivered)
 G - 4 boomerangs of dispersal
 P - 8 silver boomerangs
Armour
 c - a +0 shield (worn)
 n - a +0 pair of boots (worn)
 w - a +0 pair of gloves (worn)
 z - the +8 ice dragon scales of the Heavens (worn) {rElec rF- rC++ MR+ rCorr Int-3 Dex+3}
   (You found it on level 5 of the Dungeon)

   It affects your intelligence (-3).
   It affects your dexterity (+3).
   It makes you vulnerable to fire.
   It greatly protects you from cold.
   It insulates you from electricity.
   It affects your resistance to hostile enchantments.
   It provides partial protection from all sources of acid and corrosion.
 T - a scarf of cloud immunity (worn)
 Y - a +1 hat of magic resistance (worn)
Jewellery
 g - a ring of protection from fire (left hand)
 j - an amulet of the acrobat (around neck)
 q - a ring of poison resistance (right hand)
Wands
 p - a wand of digging (10)
 r - a wand of flame (24)
 v - a wand of random effects (19)
 F - a wand of acid (9)
 L - a wand of polymorph (12)
 O - a wand of iceblast (6)
 S - a wand of disintegration (33)
 U - a wand of enslavement (12)
Scrolls
 e - 11 scrolls of teleportation
 u - a scroll of acquirement
 y - 5 scrolls of fear
 B - 11 scrolls of remove curse
 Q - 5 scrolls of enchant weapon
 W - 8 scrolls of identify
Potions
 d - a potion of heal wounds
 k - 2 potions of agility
 l - 3 potions of flight
 t - 9 potions of curing
 x - 2 potions of cancellation
 A - a potion of mutation {unknown}
 I - a potion of invisibility
 N - a potion of lignification {unknown}
Miscellaneous
 D - a crystal ball of energy
Comestibles
 f - 33 rations


   Skills:
 * Level 12.1 Fighting
 + Level 13.3 Maces & Flails
 - Level 7.4 Throwing
 + Level 10.2 Armour
 * Level 6.9 Dodging
 - Level 4.8 Stealth
 + Level 10.8 Shields
 * Level 10.5 Invocations
 * Level 4.2 Evocations


You had 13 spell levels left.
You didn't know any spells.
Your spell library contained the following spells:

 Spells                   Type           Power        Failure   Level  Hunger
 Confusing Touch          Hex            #.....       95%         1    ##.....
 Corona                   Hex            #......      95%         1    ##.....
 Flame Tongue             Conj/Fire      #....        95%         1    ##.....
 Freeze                   Ice            #...         95%         1    ##.....
 Magic Dart               Conj           #...         95%         1    ##.....
 Searing Ray              Conj           #.....       99%         2    ###....
 Slow                     Hex            #.......     99%         2    ###....
 Confuse                  Hex            #.......     100%        3    ####...
 Dazzling Spray           Conj/Hex       #.....       100%        3    ####...
 Gell's Gravitas          Tloc           #.........   100%        3    ####...
 Inner Flame              Hex/Fire       #.......     100%        3    ####...
 Portal Projectile        Hex/Tloc       #.....       100%        3    ####...
 Cause Fear               Hex            #.........   100%        4    #####..
 Force Lance              Conj/Tloc      #.......     100%        4    #####..
 Fulminant Prism          Conj/Hex       #.........   100%        4    #####..
 Iskenderun's Mystic Bla  Conj           #.......     100%        4    #####..
 Leda's Liquefaction      Hex/Erth       #.........   100%        4    #####..
 Petrify                  Tmut/Erth      #.......     100%        4    #####..
 Throw Icicle             Conj/Ice       #.......     100%        4    #####..
 Metabolic Englaciation   Hex/Ice        #.........   100%        5    ######.
 Yara's Violent Unravell  Hex/Tmut       #.........   100%        5    ######.
 Freezing Cloud           Conj/Ice/Air   #.........   100%        6    #######
 Ignition                 Fire           #.........   100%        8    #######


Dungeon Overview and Level Annotations

Branches:
Dungeon (11/15)            Temple (1/1) D:5            Lair (6/6) D:11
 Shoals (0/4) Lair:4       Spider (0/4) Lair:2        Slime (0/5) Lair:6
    Orc (2/2) D:10
    Elf: Orc:2

Altars:
Cheibriados
Elyvilon
Fedhas
Gozag
Hepliaklqana
Kikubaaqudgha
Makhleb
Nemelex Xobeh
Okawaru
Qazlal
Ru
Sif Muna
Uskayaw
Wu Jian
Zin
Jiyva

Shops:
D:6 =   D:9 (   Orc:1 }   Orc:2 ![

Annotations:
D:3 3 runed translucent doors, flyingllamaman's ghost, amateur FoFi
D:6 1 runed translucent door
D:8 2 transporters, Darlock's ghost, novice MiFi


Innate Abilities, Weirdness & Mutations

You reflexively headbutt those who attack you in melee.
You have a pair of horns on your head.


Message History

The orc high priest utters an invocation to Beogh.
You block the orc warrior's attack.
Okay, then.
Okay, then.
Evoke which item? (* to show all) (? for menu, Esc to quit)
Aiming: Enslavement
Press: ? - help, Shift-Dir - straight line, f - orc warrior
Aim: an orc warrior, wielding a +0 trident and wearing a +0 plate armour (chance to defeat MR: 58%)
The orc warrior resists with significant effort.
The orc priest miscasts a cantrip.
You block the orc's attack.
The orc high priest invokes the aid of Beogh against you.
Beogh smites you!
* * * LOW HITPOINT WARNING * * *
You block the orange demon's attack. The orange demon barely misses you.
The ice devil is engulfed in seething chaos.
The ice devil flickers and vanishes!
The sun demon hits you.
* * * LOW HITPOINT WARNING * * *
You are engulfed in flames!
You die... ..... . ∩ . ....##. #o#5. #..#.. {ooo#

#....###o5o#
#.....#o55..
#..o.o3o#
#.ooo3o#####.
##.43oo5.....
##o4@o{.....
###########


You could see 4 orc high priests, 2 sun demons, an orange demon, an ice devil, a
smoke demon, 4 orc warriors, 6 orc priests, 2 orcs and 4 ufetubi.

Vanquished Creatures
  Gastronok (Lair:2)
  An orc warlord (Orc:1)
  Harold (D:8)
  7 hydras
  A two-headed ogre (D:9)
  3 unseen horrors (D:10)
  The ghost of ohno the Slasher, a novice DsAK of Lugonu (D:6)
  3 orc sorcerers
  An ugly thing (D:9)
  5 elephants (Lair:5)
  2 black mambas
  Psyche (D:11)
  2 molten gargoyles (Lair:3)
  Maurice (D:10)
  21 spiny frogs
  A rime drake (Lair:2)
  7 komodo dragons
  2 jumping spiders (Lair:2)
  4 tyrant leeches (Lair:6)
  A polar bear (Lair:6)
  2 trolls
  2 hornets
  19 blink frogs
  5 hippogriffs
  The ghost of benadryl the Covert, an amateur OpAs of the Shining One (D:5)
  A snapping turtle (Lair:4)
  A human (D:8)
  A redback (Lair:2)
  A wraith (D:10)
  A basilisk (Lair:1)
  4 hogs (D:8)
  23 yaks
  6 vampire mosquitoes (Lair:6)
  A warg (Orc:1)
  9 water moccasins
  9 porcupines
  3 phantoms
  An ice beast (D:10)
  2 sky beasts
  6 orc warriors
  2 black bears
  8 ogres
  5 wolves (Lair:1)
  3 centaurs
  12 crocodiles
  34 bullfrogs
  3 scorpions
  A water moccasin skeleton (D:6)
  6 killer bees (D:8)
  3 electric eels
  6 crimson imps
  5 lava snakes (Lair:3)
  A quasit (D:7)
  13 orc priests
  2 jellies
  14 orc wizards
  A bullfrog skeleton (D:6)
  4 hounds
  Crazy Yiuf (D:2)
  4 iguanas
  5 hell rats (Lair:5)
  9 worker ants
  A killer bee zombie (D:8)
  A hound skeleton (D:8)
  11 adders
  3 gnolls (D:4)
  A river rat (D:6)
  4 shadow imps
  2 oozes
  2 adder skeletons
  3 worms
  2 dart slugs (D:3)
  6 leopard geckos
  35 orcs
  3 bats (D:2)
  5 giant cockroaches
  4 goblins
  16 hobgoblins
  13 jackals
  7 kobolds
  2 quokkas
  5 frilled lizards
  A leopard gecko skeleton (D:6)
  7 rats
440 creatures vanquished.

Vanquished Creatures (others)
  A quokka (D:5)
  13 fungi
  47 plants
61 creatures vanquished.

Grand Total: 501 creatures vanquished

Notes
Turn   | Place    | Note
-------+----------+-------------------------------------------
     0 | D:1      | Balder the Minotaur Fighter began the quest for the Orb.
     0 | D:1      | Reached XP level 1. HP: 19/19 MP: 0/0
   175 | D:1      | Reached XP level 2. HP: 26/27 MP: 1/1
   582 | D:2      | Found a white marble altar of Elyvilon.
   587 | D:2      | Reached XP level 3. HP: 33/33 MP: 2/2
   700 | D:2      | Reached skill level 3 in Maces & Flails
   799 | D:2      | Reached XP level 4. HP: 35/40 MP: 3/3
   974 | D:2      | Reached skill level 1 in Throwing
  1318 | D:2      | Found a runed translucent door.
  1319 | D:2      | Noticed Crazy Yiuf
  1329 | D:2      | Killed Crazy Yiuf
  1381 | D:3      | Noticed flyingllamaman's ghost (amateur FoFi)
  1488 | D:3      | Found a shimmering blue altar of Sif Muna.
  1525 | D:3      | Reached XP level 5. HP: 46/46 MP: 4/4
  1551 | D:3      | Found a runed translucent gate.
  1551 | D:3      | Found a runed translucent gate.
  1552 | D:3      | Found a runed translucent gate.
  1567 | D:3      | Found a snail-covered altar of Cheibriados.
  1578 | D:3      | Reached skill level 4 in Maces & Flails
  1584 | D:3      | Reached skill level 1 in Dodging
  2271 | D:4      | Found a blossoming altar of Fedhas.
  2276 | D:4      | Found an ancient bone altar of Kikubaaqudgha.
  2360 | D:4      | Reached XP level 6. HP: 53/53 MP: 5/5
  2729 | D:5      | Entered Level 5 of the Dungeon
  2736 | D:5      | Reached skill level 5 in Maces & Flails
  2878 | D:5      | Reached skill level 5 in Shields
  2910 | D:5      | Found a staircase to the Ecumenical Temple.
  2915 | D:5      | Got a twisted whip
  2941 | Temple   | Entered the Ecumenical Temple
  3027 | Temple   | Became a worshipper of Warmaster Okawaru
  3058 | D:5      | Identified the +5 whip of the Ass {slash, Dex+6} (You found
                  | it on level 5 of the Dungeon)
  3064 | D:5      | Found an opulent altar of Gozag.
  3070 | D:5      | Found a runed translucent door.
  3173 | D:5      | Found a stormy altar of Qazlal.
  3227 | D:5      | Noticed benadryl's ghost (amateur OpAs)
  3523 | D:6      | Reached skill level 5 in Fighting
  3523 | D:6      | Reached XP level 7. HP: 61/61 MP: 6/6
  3558 | D:6      | Reached skill level 5 in Armour
  3717 | D:6      | Reached * piety under Okawaru
  3751 | D:6      | Found a runed translucent door.
  3756 | D:6      | Noticed ohno's ghost (novice DsAK)
  3939 | D:6      | Found a runed translucent door.
  4236 | D:6      | Reached skill level 6 in Maces & Flails
  4379 | D:6      | Found Adostram's Jewellery Emporium.
  4447 | D:7      | Reached XP level 8. HP: 24/70 MP: 7/7
  4973 | D:7      | Noticed a hornet
  4982 | D:7      | Paralysed by a hornet for 3 turns
  4988 | D:7      | Killed a hornet
  4988 | D:7      | Reached skill level 7 in Maces & Flails
  5164 | D:7      | Reached ** piety under Okawaru
  5908 | D:5      | Killed benadryl's ghost
  5916 | D:5      | Got transparent ice dragon scales
  5927 | D:5      | Identified the +8 ice dragon scales of the Heavens {rElec
                  | rF- rC++ MR+ rCorr Int-3 Dex+3} (You found it on level 5 of
                  | the Dungeon)
  5983 | D:6      | Reached XP level 9. HP: 78/78 MP: 8/8
  5994 | D:6      | Killed ohno's ghost
  5994 | D:6      | Reached skill level 8 in Maces & Flails
  6266 | D:8      | Noticed a troll
  6274 | D:8      | Killed a troll
  6274 | D:8      | Reached *** piety under Okawaru
  6274 | D:8      | Reached skill level 5 in Throwing
  6336 | D:8      | Noticed Darlock's ghost (novice MiFi)
  6343 | D:8      | Found a transporter.
  6365 | D:8      | Found a transporter.
  6429 | D:8      | Noticed Harold
  6462 | D:8      | Reached skill level 9 in Maces & Flails
  6472 | D:8      | Killed Harold
  6472 | D:8      | Reached **** piety under Okawaru
  6472 | D:8      | Reached XP level 10. HP: 77/86 MP: 7/9
  6635 | D:8      | Reached skill level 10 in Maces & Flails
  6861 | D:9      | Noticed a green ugly thing
  6873 | D:9      | Killed a green ugly thing
  6873 | D:9      | Received a gift from Okawaru
  6883 | D:9      | Reached skill level 5 in Dodging
  7148 | D:9      | Noticed a two-headed ogre
  7155 | D:9      | Killed a two-headed ogre
  7245 | D:9      | Noticed a balrug
  7246 | D:9      | Found a burning altar of Makhleb.
  7252 | D:9      | Found a glowing silver altar of Zin.
  7252 | D:9      | Noticed an angel
  7386 | D:9      | Found Uvubluam's Antique Weapon Shoppe.
  7408 | D:9      | Reached skill level 11 in Maces & Flails
  7498 | D:9      | Reached ***** piety under Okawaru
  7507 | D:9      | Received a gift from Okawaru
  7825 | D:10     | Entered Level 10 of the Dungeon
  7846 | D:10     | Found a staircase to the Orcish Mines.
  7876 | D:10     | Reached XP level 11. HP: 63/94 MP: 10/10
  7901 | D:10     | Killed an unseen horror
  8120 | D:10     | Noticed Maurice
  8134 | D:10     | Killed Maurice
  8382 | D:10     | Killed an unseen horror
  8596 | D:10     | Killed an unseen horror
  8596 | D:10     | Received a gift from Okawaru
  8628 | D:10     | Reached skill level 12 in Maces & Flails
  9010 | D:11     | Noticed Psyche
  9020 | D:11     | Killed Psyche
  9674 | D:11     | Found a staircase to the Lair.
  9743 | Lair:1   | Entered Level 1 of the Lair of Beasts
  9774 | Lair:1   | Reached skill level 10 in Shields
 10207 | Lair:1   | Noticed a six-headed hydra
 10221 | Lair:1   | Killed a six-headed hydra
 10562 | Lair:2   | Reached skill level 10 in Armour
 10699 | Lair:2   | Reached XP level 12. HP: 104/104 MP: 11/11
 10715 | Lair:2   | Reached skill level 1 in Invocations
 10964 | Lair:2   | Identified the Catalogue of Igneous Snow
 11220 | Lair:2   | Found a hole to the Spider Nest.
 11258 | Lair:2   | Noticed Gastronok
 11277 | Lair:2   | Killed Gastronok
 11277 | Lair:2   | Reached skill level 1 in Evocations
 11303 | Lair:2   | Reached skill level 10 in Fighting
 11303 | Lair:2   | Reached skill level 13 in Maces & Flails
 11569 | Lair:3   | Noticed an eight-headed hydra
 11583 | Lair:3   | Killed an eight-headed hydra
 11712 | Lair:3   | Identified a scroll of acquirement
 11786 | Lair:3   | Received a gift from Okawaru
 12060 | Lair:3   | Noticed a five-headed hydra
 12081 | Lair:3   | Killed a five-headed hydra
 12081 | Lair:3   | Reached skill level 1 in Stealth
 12524 | Lair:4   | You fall into a shaft and drop 2 floors!
 12524 | Lair:6   | Entered Level 6 of the Lair of Beasts
 12525 | Lair:6   | Noticed a four-headed hydra
 12549 | Lair:6   | Killed a four-headed hydra
 12549 | Lair:6   | Reached skill level 5 in Invocations
 12588 | Lair:6   | Got an iridescent trident
 12602 | Lair:6   | Identified the cursed +3 trident of the Asp {elec, +Blink
                  | +Rage rC- Str+5} (You found it on level 6 of the Lair of
                  | Beasts)
 12684 | Lair:6   | Reached ****** piety under Okawaru
 12694 | Lair:6   | Received a gift from Okawaru
 12697 | Lair:6   | Got a slimy hat {god gift}
 12708 | Lair:6   | Identified the -1 hat of the Merchant {MR+} (Okawaru gifted
                  | it to you on level 6 of the Lair of Beasts)
 12896 | Lair:6   | Reached XP level 13. HP: 100/117 MP: 16/16
 14196 | Lair:5   | Received a gift from Okawaru
 15143 | Lair:6   | Found a viscous altar of Jiyva.
 15143 | Lair:6   | Found a staircase to the Slime Pits.
 15326 | Lair:6   | Reached skill level 10 in Invocations
 16200 | Lair:4   | Found a staircase to the Shoals.
 17379 | Orc:1    | Entered Level 1 of the Orcish Mines
 17689 | Orc:1    | Found Vixkaxt's Gadget Shoppe.
 17734 | Orc:1    | Noticed an orc warlord
 17777 | Orc:1    | Killed an orc warlord
 17777 | Orc:1    | Reached XP level 14. HP: 89/126 MP: 20/20
 18125 | Orc:2    | Entered Level 2 of the Orcish Mines
 18139 | Orc:2    | Found Fevefoet's Distillery.
 18139 | Orc:2    | Found Bounu's Armour Emporium.
 18160 | Orc:2    | HP: 6/126 [sun demon[an orc high priest] (5)]
 18160 | Orc:2    | Mangled by a sun demon

Levels and vault maps discovered:
D:1:      dpeg_arrival_pits, layout_rooms
D:2:      layout_loops_ring, elyvilon_altar_1, uniq_crazy_yiuf_cottage
D:3:      layout_rooms, nicolae_overflow_crystal_walls, cheibriados_altar_1,
          gammafunk_ghost_icy
D:4:      layout_loops_ring, grunt_temple_overflow_growth_and_decay
D:5:      layout_rooms, lemuel_crystal_altar, grunt_qazlal_clouds,
          minmay_temple_entry_offerings, ebering_ghost_inner_flame,
          first_ration, st_stairs_6, grunt_decor_clamped,
          hangedman_abyss_or_decor_lesser_grid
D:6:      layout_basic, serial_shops, shop_statue, ebering_ghost_sewer_f,
          minmay_fountain_box
D:7:      layout_gridville
D:8:      statuecave_lemuel, layout_rooms, gammafunk_ghost_berserking_beasts,
          grunt_livestock, uniq_harold
D:9:      layout_gridville, grunt_temple_overflow_order_and_chaos_2,
          serial_shops, shop
D:10:     layout_loops_cross, david_orc_3, minmay_crystal_water, uniq_maurice
D:11:     layout_grid_maze, david_lair_shrubbed, uniq_psyche
Temple:   minmay_temple_curvy_branch
Lair:1:   layout_roguey, serial_bayou_shore_b, lemuel_fruit_fields,
          lemuel_fruit_fields
Lair:2:   layout_loops_ring, spider_nest_entry_funnel_web, uniq_gastronok
Lair:3:   cheibrodos_magma_flow, layout_chaotic_city
Lair:4:   layout_gridlike, minmay_shoals_entry_hut
Lair:5:   layout_long_grid, grunt_megastairs_4, lemuel_fruit_fields
Lair:6:   minmay_lair_end_frog_pond, layout_regular_city,
          dpeg_slime_entry_enclosed_altar
Orc:1:    layout_caves, serial_shops, shop
Orc:2:    st_orc_mages, layout_caves, minmay_orc_temple_c

Skill      XL: |  1  2  3  4  5  6  7  8  9 10 11 12 13 |
---------------+----------------------------------------+-----
Shields        | 4 5 6 7 9 10 | 10.8
Armour         | 4 5 6 7 8 10 | 10.2
Fighting       | 4 5 6 7 8 9 11 12 | 12.1
Maces & Flails | 3 4 5 6 7 9 11 12 13 | 13.3
Throwing       | 2 3 4 5 6 7 |  7.4
Dodging        | 1 3 4 5 6 |  6.9
Invocations    | 6 10 | 10.5
Evocations     | 2 4 |  4.2
Stealth        | 1 4 |  4.8

Action                   |  1- 3 |  4- 6 |  7- 9 | 10-12 | 13-15 || total
-------------------------+-------+-------+-------+-------+-------++-------
Melee: Flail             |    76 |   159 |       |       |       ||   235
       Headbutt          |     8 |    35 |    48 |   220 |   173 ||   484
       Whip              |       |    18 |   196 |   563 |   359 ||  1136
       Dire flail        |       |       |       |    89 |   120 ||   209
       Staff             |       |       |       |    20 |       ||    20
       Trident           |       |       |       |     7 |       ||     7
Throw: Javelin           |     9 |    10 |       |       |       ||    19
       Boomerang         |       |     1 |    33 |    39 |   106 ||   179
Invok: Heroism           |       |       |     3 |     6 |     6 ||    15
Evoke: Wand              |       |       |       |     7 |     5 ||    12
  Use: Potion            |       |     1 |       |     3 |     6 ||    10
       Scroll            |       |     4 |     3 |    11 |     6 ||    24
 Stab: Confused          |       |       |       |     1 |       ||     1
  Eat: Chunk             |       |     6 |     5 |    14 |     2 ||    27
       Ration            |       |     1 |     1 |     2 |     5 ||     9
Armor: Scale mail        |    35 |    38 |       |       |       ||    73
       Chain mail        |       |    25 |    22 |       |       ||    47
       Plate armour      |       |       |     6 |       |       ||     6
       Ice dragon scales |       |       |    29 |   189 |   124 ||   342
Dodge: Dodged            |    29 |    43 |    51 |   267 |   201 ||   591
Block: Shield            |    46 |    77 |    87 |   202 |   180 ||   592
